 Dungeon Crawl Stone Soup version 0.30-a0-986-g7f2e898f52 (webtiles) character file.

Game seed: 17800248801488047589

7351 avis the Insei (level 10, -6/100 HPs)
             Began as a Demigod Transmuter on Apr 1, 2023.
             Mangled by a hornet (12 damage)
             ... on level 9 of the Dungeon on Apr 2, 2023.
             The game lasted 01:19:06 (9383 turns).

avis the Insei (Demigod Transmuter)                 Turns: 9383, Time: 01:19:07

Health: -6/100     AC:  7    Str: 15    XL:     10   Next: 60%
Magic:  19/19      EV: 14    Int: 15    God:
Gold:   445        SH:  0    Dex: 22    Spells: 7/17 levels left

rFire   x . .      SeeInvis .    a - melded staff of poison
rCold   + + +      Faith    .    (shield currently unavailable)
rNeg    . . .      Spirit   .    m - melded +0 steam dragon scales
rPois   +          Reflect  .    (helmet currently unavailable)
rElec   .          Rampage  .    x - melded +1 cloak
rCorr   .                        l - melded +1 pair of gloves
Will    +....                    (boots currently unavailable)
Stlth   +++                      j - amulet of magic regeneration
HPRegen 0.36/turn                (no ring)
MPRegen 0.56/turn                (no ring)

@: ice-form
A: freezing attack, amphibious, boosted hp, large, high MP 1, forlorn, divine
attributes
a: End Transformation


You were on level 9 of the Dungeon.
You were a creature of crystalline ice.
You visited 2 branches of the dungeon, and saw 10 of its levels.

You collected 445 gold pieces.

Inventory:

Hand Weapons
 e - a +2 dagger of electrocution
 w - the +10 flail "Cafy" {freeze, rPois Dex-3 SInv Stlth-}
   (You found it on level 6 of the Dungeon)

   Dex:       It affects your dexterity (-3).
   rPois:     It protects you from poison.
   SInv:      It lets you see invisible.
   Stlth:     It makes you less stealthy.
Missiles
 d - a throwing net
 f - 27 poisoned darts
Armour
 b - +2 fire dragon scales
 l - a +1 pair of gloves (melded)
 m - +0 steam dragon scales (melded)
 x - a +1 cloak (melded)
Magical Staves
 a - a staff of poison (melded)
Jewellery
 j - an amulet of magic regeneration (around neck)
Wands
 o - a wand of mindburst (13)
 F - a wand of roots (10)
Scrolls
 g - 4 scrolls of teleportation {unknown}
 h - 2 scrolls of blinking {unknown}
 r - 4 scrolls of fog {unknown}
 t - a scroll of acquirement {unknown}
 u - a scroll of immolation {unknown}
 y - a scroll of vulnerability {unknown}
 C - a scroll of enchant weapon {unknown}
Potions
 c - 2 potions of flight
 n - 3 potions of magic
 v - a potion of cancellation
 G - a potion of degeneration {unknown}
 H - a potion of mutation {unknown}
Miscellaneous
 i - a condenser vane


   Skills:
 * Level 6.8 Fighting
 - Level 5.0 Armour
 - Level 6.0 Dodging
 - Level 3.0 Stealth
 - Level 7.0 Unarmed Combat
 - Level 4.0 Spellcasting
 - Level 6.0 Transmutations
 - Level 4.0 Ice Magic
 - Level 2.0 Poison Magic
 - Level 3.0 Evocations


You had 7 spell levels left.
You knew the following spells:

 Your Spells              Type           Power      Damage    Failure   Level
a - Beastly Appendage     Tmut           42%        N/A       1%          1
e - Wereblood             Tmut           21%        N/A       2%          2
p - Spider Form           Tmut/Pois      15%        N/A       11%         3
q - Ice Form              Ice/Tmut       18%        N/A       22%         4

Your spell library contained the following spells:

 Spells                   Type           Power      Damage    Failure   Level
 Sting                    Tmut/Pois      60%        1d6       3%          1
 Ozocubu's Armour         Ice            15%        N/A       11%         3
 Poisonous Vapours        Pois/Air       12%        N/A       19%         2
 Inner Flame              Hex/Fire       3%         N/A       47%         3
 Olgreb's Toxic Radiance  Pois           9%         N/A       61%         4
 Summon Ice Beast         Ice/Summ       9%         N/A       61%         4
 Alistair's Intoxication  Tmut/Pois      10%        N/A       67%         5
 Animate Dead             Necr           3%         N/A       87%         4
 Cause Fear               Hex            1%         N/A       87%         4
 Borgnjor's Vile Clutch   Necr/Erth      1%         N/A       99%         5
 Eringya's Noxious Bog    Tmut/Pois      7%         N/A       99%         6
 Discord                  Hex            1%         N/A       100%        8
 Polar Vortex             Ice            7%         N/A       100%        9


Dungeon Overview and Level Annotations

Branches:
Dungeon (9/15)             Temple (1/1) D:7
   Lair: D:8-11         Orc: D:9-12


Innate Abilities, Weirdness & Mutations

You are a creature of crystalline ice.
You have a powerful freezing melee attack.
You are amphibious.
Your maximum health is increased.
Your armour is entirely melded.
You are incapable of wielding weapons or throwing items.
You have an increased reservoir of magic. (+10% MP)
You shall have no god before yourself.
Your divine heritage dramatically boosts your attributes as you level up.


Message History

The centaur closely misses you. The centaur hits you.
* * * LOW HITPOINT WARNING * * *
The centaur misses you.
You hit the centaur. You freeze the centaur.
The centaur is moderately wounded.
The centaur closely misses you. The centaur barely misses you.
You hit the centaur. You freeze the centaur.
The centaur is severely wounded.
The centaur misses you. The centaur barely misses you.
You barely miss the centaur.
The centaur is severely wounded.
The centaur closely misses you. The centaur completely misses you.
The centaur hits you but does no damage.
The centaur misses you.
You punch the centaur! You freeze the centaur.
You kill the centaur!
You see here a +0 shortbow.
A kobold brigand, an orc warrior and a centaur come into view.
The kobold brigand is wielding a +0 club and quivering curare-tipped darts.
Okay, then.
You barely miss the hornet.
The orc warrior shouts!
The centaur shouts!
The kobold brigand shouts!
The hornet completely misses you. The hornet stings you!
* * * LOW HITPOINT WARNING * * *
You punch the hornet! You freeze the hornet!
The hornet is severely wounded.
The hornet stings you!
* * * LOW HITPOINT WARNING * * *
You closely miss the hornet.
The hornet is severely wounded.
The hornet closely misses you.
You barely miss the hornet.
The hornet is severely wounded.
The hornet stings you.
* * * LOW HITPOINT WARNING * * *
The hornet closely misses you.
You hit the hornet. You freeze the hornet.
The hornet is almost dead.
The hornet stings you!
You die...

#♣P~♣♣##♣'♣##.# #.#♣#.#
#♣♣♣~♣#.(<..#.#.#.##.#.#
..~.~.'..8..'.#⌠#...#8#.#
#~.~≈~#..>..#.#.#)##)#.##
#~♣♣~♣##♣'♣##.#K#)# #.#♣
#~♣♣♣♣ ♣♣♣ #.#o#.# .♣
#~♣♣♣ #.#c#)# . #♣~P♣♣#
#.#y#)# ♣. #♣P~≈≈#
#♣..Y♣# ♣# ♣♣.♣♣# ♣♣.♣♣
### ###


You could see a hornet, an orc warrior, a kobold brigand and a centaur.

Vanquished Creatures
  A hydra (D:9)
  2 cyclopes (D:9)
  A freezing wraith (D:9)
  A hornet (D:4)
  Sigmund (D:6)
  2 wyverns
  A basilisk (D:9)
  6 yaks (D:8)
  3 steam dragons
  A vampire mosquito (D:9)
  2 orc warriors
  Duvessa (D:6)
  A sky beast (D:7)
  4 black bears
  2 ogres (D:5)
  5 centaurs
  2 kobold brigands
  2 phantoms
  3 scorpions
  A bullfrog (D:7)
  3 wights (D:8)
  Dowan (D:7)
  8 killer bees
  4 howler monkeys
  2 hounds
  5 orc priests
  2 gnoll boudas
  2 sleepcaps
  2 iguanas (D:5)
  Natasha (thrice) (D:2)
  18 orc wizards
  4 gnolls (D:3)
  6 adders
  A shadow imp (D:5)
  A white imp (D:5)
  2 worms (D:2)
  3 dart slugs
  25 orcs
  5 endoplasms
  6 giant cockroaches
  10 goblins
  4 hobgoblins
  15 kobolds
  5 quokkas
  9 ball pythons
  3 bats (D:1)
  A frilled lizard (D:2)
  9 rats
201 creatures vanquished.

Vanquished Creatures (others)
  An orc wizard (D:8)
  2 plants (D:9)
3 creatures vanquished.

Grand Total: 204 creatures vanquished

Notes
Turn   | Place    | Note
-------+----------+-------------------------------------------
     0 | D:1      | avis the Demigod Transmuter began the quest for the Orb.
     0 | D:1      | Reached XP level 1. HP: 15/15 MP: 5/5
    34 | D:1      | Reached skill level 1 in Fighting
   160 | D:1      | Reached XP level 2. HP: 22/24 MP: 5/7
   220 | D:1      | Reached skill level 3 in Unarmed Combat
   387 | D:1      | Reached skill level 1 in Stealth
   496 | D:1      | Reached XP level 3. HP: 29/29 MP: 5/8
   719 | D:2      | Noticed Natasha
   723 | D:2      | Killed Natasha
   724 | D:2      | Reached skill level 1 in Poison Magic
   730 | D:2      | Learned a level 3 spell: Spider Form
   733 | D:2      | Learned a level 2 spell: Wereblood
   805 | D:2      | Noticed Natasha
   821 | D:2      | Killed Natasha
   822 | D:2      | Reached XP level 4. HP: 25/36 MP: 6/9
  1089 | D:2      | Noticed Natasha
  1218 | D:2      | Killed Natasha
  1526 | D:3      | Noticed a black bear
  1590 | D:3      | Reached XP level 5. HP: 36/42 MP: 10/10
  2262 | D:3      | Killed a black bear
  2263 | D:3      | Reached skill level 4 in Unarmed Combat
  2263 | D:3      | Reached XP level 6. HP: 38/51 MP: 5/11
  3047 | D:4      | Learned a level 4 spell: Ice Form
  3142 | D:4      | Reached XP level 7. HP: 44/57 MP: 14/14
  3820 | D:4      | Noticed a hornet
  3829 | D:4      | Killed a hornet
  3830 | D:4      | Reached skill level 5 in Unarmed Combat
  3960 | D:5      | Entered Level 5 of the Dungeon
  4056 | D:5      | Reached skill level 1 in Ice Magic
  4074 | D:5      | Reached XP level 8. HP: 66/66 MP: 15/15
  5097 | D:6      | Noticed Sigmund
  5114 | D:6      | Killed Sigmund
  5115 | D:6      | Reached skill level 5 in Fighting
  5411 | D:6      | Identified the +10 flail "Cafy" {freeze, rPois Dex-3 SInv
                  | Stlth-}
  5441 | D:6      | Reached skill level 6 in Unarmed Combat
  5731 | D:7      | Reached skill level 5 in Dodging
  5924 | D:7      | Noticed Dowan
  5937 | D:7      | Noticed Duvessa
  6013 | D:7      | Killed Dowan
  6014 | D:7      | Reached skill level 1 in Armour
  6014 | D:7      | Reached XP level 9. HP: 59/74 MP: 16/16
  6137 | D:6      | Killed Duvessa
  6540 | D:7      | Found a staircase to the Ecumenical Temple.
  6560 | Temple   | Entered the Ecumenical Temple
  6657 | D:8      | Reached skill level 5 in Transmutations
  6851 | D:8      | Reached skill level 1 in Evocations
  7166 | D:8      | Reached skill level 7 in Unarmed Combat
  8290 | D:9      | Reached XP level 10. HP: 70/83 MP: 19/19
  8321 | D:9      | Reached skill level 5 in Armour
  8644 | D:9      | Noticed a cyclops
  8818 | D:9      | Killed a cyclops
  9340 | D:9      | Noticed a five-headed hydra
  9349 | D:9      | Killed a five-headed hydra
  9352 | D:9      | Noticed a cyclops
  9354 | D:9      | HP: 4/100 [cyclops (21)]
  9356 | D:9      | Killed a cyclops
  9361 | D:9      | Got the Compendium of Chilblains and Left-Handed Liturgies
  9382 | D:9      | HP: 5/100 [hornet (3)]
  9383 | D:9      | Mangled by a hornet

Illustrated notes

Levels and vault maps discovered:
D:1:      amcnicky_arrival_wind_blow, layout_rooms, minmay_misc_feat_nine_boxes
D:2:      layout_rooms, uniq_natasha
D:3:      layout_basic, kennysheep_boxes
D:4:      layout_gridville, jmf_multi_god_temple, dreamdust_wishing_well,
          minmay_a_box_with_orc_wizards_in_it
D:5:      layout_gridville, st_stairs_12, reono_crystal_passage
D:6:      layout_cave_pools, uniq_sigmund
D:7:      layout_rooms, minmay_temple_entry_statues_pillars, minmay_checkerbox,
          uniq_duvessa
D:8:      layout_basic, lemuel_tele_altar, grunt_temple_overflow_diamond,
          grunt_gozag_statues, minmay_door_square
D:9:      nzn_winding_woodlands_stair_cross
          [nzn_winding_woodlands_5x15_sawtooth,
          nzn_winding_woodlands_center_diamonds,
          nzn_winding_woodlands_5x15_longhouse, nzn_winding_woodlands_5x5_cross,
          nzn_winding_woodlands_5x5_three,
          nzn_winding_woodlands_5x15_lazy_stream,
          nzn_winding_woodlands_center_triple_pond,
          nzn_winding_woodlands_5x15_pockets], layout_basic, serial_shops,
          nicolae_shop_hallway_plus
Temple:   eino_narrow_crystal_temple

Skill      XL: |  1  2  3  4  5  6  7  8  9 10 |
---------------+-------------------------------+-----
Fighting       | 2 3 4 5 6 |  6.8
Unarmed Combat | 3 4 5 6 7 |  7.0
Dodging        | 2 3 4 5 6 |  6.0
Stealth        | 1 2 3 |  3.0
Spellcasting   | 2 3 4 |  4.0
Transmutations | 2 3 4 5 6 |  6.0
Poison Magic   | 1 2 |  2.0
Ice Magic      | 2 4 |  4.0
Armour         | 1 4 5 |  5.0
Evocations     | 2 3 |  3.0

Action                     |  1- 3 |  4- 6 |  7- 9 | 10-12 || total
---------------------------+-------+-------+-------+-------++-------
  Melee: Unarmed           |    76 |   158 |   305 |    95 ||   634
         Kick              |    23 |     7 |     2 |       ||    32
         Headbutt          |    10 |     3 |     1 |       ||    14
         Punch             |     2 |     3 |       |     3 ||     8
         Flail             |       |       |    11 |       ||    11
         Staff             |       |       |       |    18 ||    18
   Cast: Beastly Appendage |    20 |     7 |     3 |       ||    30
         Spider Form       |     1 |    32 |    52 |       ||    85
         Ice Form          |       |       |     4 |     9 ||    13
         Wereblood         |       |       |     1 |     4 ||     5
Ability: End Transformatio |       |       |     1 |       ||     1
    Use: Scroll            |       |       |     8 |       ||     8
         Potion            |       |       |     4 |     7 ||    11
   Stab: Sleeping          |     4 |     5 |     9 |       ||    18
 Armour: Robe              |     9 |    11 |     2 |       ||    22
         Skin              |       |     8 |    15 |    38 ||    61
         Steam dragon scal |       |       |       |     3 ||     3
  Dodge: Dodged            |    39 |   120 |   273 |    95 ||   527

Table legend: (Time is in decaauts)
 A = Elapsed time spent in this place.
 B = Non-inter-level travel time spent in this place.
 C = Inter-level travel time spent in this place.
 D = Time resting spent in this place.
 E = Time spent auto-exploring this place.
 F = Levels seen in this place.
 G = Mean time per level.
                   A        B        C        D        E       F      G
               +--------+--------+--------+--------+--------+-----+--------+
         Total |   9364 |   8487 |    877 |   2335 |   3066 |  10 |  936.4 |
       Dungeon |   9335 |   8460 |    875 |   2335 |   3066 |   9 | 1037.2 |
        Temple |     29 |     28 |      1 |      0 |      0 |   1 |   29.0 |
               +--------+--------+--------+--------+--------+-----+--------+

Top non-repeatable levels by time:
     D:8: 1962 daAuts
     D:4: 1325 daAuts
     D:3: 1119 daAuts
     D:5: 1082 daAuts
     D:2: 961 daAuts
     D:7: 877 daAuts
     D:6: 812 daAuts
     D:1: 716 daAuts
     D:9: 477 daAuts
  Temple: 29 daAuts
